 Dungeon Crawl Stone Soup version 0.28.0-43-g3370ac3207 (webtiles) character file.

Game seed: 4676444525950016475

80662 crimpus the Unseen (level 16, 0/139 HPs)
             Began as a Kobold Berserker on Mar 9, 2022.
             Was a High Priest of Trog.
             Slain by a death knight
             ... wielding a +1 battleaxe of electrocution
              (11 damage)
             ... on level 13 of the Dungeon.
             The game lasted 01:04:24 (36039 turns).

crimpus the Unseen (Kobold Berserker)              Turns: 36039, Time: 01:04:24

Health: 0/139      AC: 31    Str: 19 (20) XL:     16   Next: 15%
Magic:  16/16      EV: 29    Int:  9 (12) God:    Trog [*****.]
Gold:   1035       SH:  5    Dex: 20      Spells: 15/15 levels left

rFire   . . .      SeeInvis +   b - +6 dagger (protect)
rCold   . . .      Faith    .   (no shield)
rNeg    . . .      Spirit   .   k - +5 scale mail of the Tortured Sunfish {Fly Str+7 Stlth+}
rPois   .          Reflect  +   d - +2 helmet
rElec   .          Harm     .   h - +1 cloak
rCorr   .          Rampage  .   A - +2 pair of gloves {Stlth+}
Will    +++..                   (no boots)
Stlth   ..........              E - amulet of reflection
HPRegen 1.33/turn               g - ring of the Hare {EV+8}
MPRegen 0.15/turn               l - ring of see invisible

@: berserking, strong-willed, under a protective aura, flying, regenerating,
very quick
A: small, no large weapons, nightstalker 3, iridescent scales 1, clever 1,
deterioration 1, frail 1, weak 1
a: Renounce Religion, Berserk, Trog's Hand, Brothers in Arms


You were on level 13 of the Dungeon.
You worshipped Trog.
Trog was extremely pleased with you.
You visited 4 branches of the dungeon, and saw 22 of its levels.
You also visited: Gauntlet.

You collected 1546 gold pieces.
You spent 511 gold pieces at shops.

Inventory:

Hand Weapons
 b - a +6 dagger of protection (weapon)
 o - a +1 rapier of chaos
 R - a +3 rapier of draining
 T - a +2 dagger of holy wrath
Armour
 d - a +2 helmet (worn)
 h - a +1 cloak (worn)
 k - the +5 scale mail of the Tortured Sunfish (worn) {Fly Str+7 Stlth+}
   (You found it on level 1 of the Lair of Beasts)

   Str:       It affects your strength (+7).
   Fly:       It grants you flight.
   Stlth:     It makes you more stealthy.
 w - an orb of wrath
 A - a +2 pair of gloves of stealth (worn)
Jewellery
 e - a ring of positive energy
 g - the ring of the Hare (left hand) {EV+8}
   (You found it in a Gauntlet)

   [ring of evasion]

   EV:        It affects your evasion (+8).
 l - a ring of see invisible (right hand)
 v - a ring of fire
 x - a ring of willpower
 E - an amulet of reflection (around neck)
 H - a ring of positive energy
 O - a +4 ring of slaying
Wands
 a - a wand of iceblast (15)
 j - a wand of mindburst (10)
 p - a wand of paralysis (12)
 t - a wand of acid (22)
 z - a wand of charming (6)
 C - a wand of flame (29)
 L - a wand of digging (12)
Scrolls
 c - a scroll of silence
 f - 5 scrolls of amnesia
 m - a scroll of blinking
 n - 3 scrolls of enchant armour
 q - 4 scrolls of identify
 s - a scroll of magic mapping
 u - 2 scrolls of teleportation
 y - 2 scrolls of enchant weapon
 G - a scroll of fear
 J - a scroll of noise
 S - a scroll of immolation
Potions
 i - a potion of heal wounds
 r - 4 potions of flight
 D - a potion of lignification
 F - 2 potions of ambrosia
 K - 2 potions of mutation
 M - a potion of magic
 N - 2 potions of attraction
Miscellaneous
 B - a phial of floods


   Skills:
 + Level 13.2 Fighting
 + Level 16.9 Short Blades
 - Level 1.3 Throwing
 + Level 7.8 Armour
 + Level 13.3 Dodging
 + Level 20.3 Stealth
 + Level 5.6 Shields


You had 15 spell levels left.
You didn't know any spells.
Your spell library was empty.

Dungeon Overview and Level Annotations

Branches:
Dungeon (13/15)            Temple (0/1) D:4            Lair (6/6) D:11
 Shoals (0/4) Lair:3        Snake (0/4) Lair:2        Slime (0/5) Lair:5
    Orc (2/2) D:11            Elf (1/3) Orc:2       Gauntlet (visited)
 Vaults: D:13-14

Altars:
Ashenzari
Cheibriados
Dithmenos
Fedhas
Gozag
Kikubaaqudgha
Nemelex Xobeh
Qazlal
Sif Muna
Uskayaw
Vehumet
Wu Jian
The Shining One
Beogh
Jiyva

Shops:
D:10 [=[=   D:11 [   Orc:2 ?!(=

Portals:
Pandemonium: Orc:2
Trove: D:11 (give +5 demon blade)

Annotations:
D:10 1 runed translucent door
D:11 2 transporters, Woods's ghost, journeyman GnIE
Lair:3 3 runed translucent doors, Jenx's ghost, journeyman MiBe


Innate Abilities, Weirdness & Mutations

You are small and have problems with some larger weapons.
You are completely attuned to the shadows.
You are partially covered in iridescent scales. (AC +2)
Your mind is acute. (Int +2)
Your body sometimes deteriorates upon taking damage.
You are frail. (-10% HP)
You are weak. (Str -2)


Message History

You are too injured to fight recklessly!
Your skin crawls.
You feel strong-willed. The death knight barely misses you.
A red film seems to cover your vision as you go berserk!
You feel yourself moving faster!
You feel mighty!
The death knight's dark mirror aura disappears.
The death knight barely misses you.
You hit the death knight.
The death knight is moderately wounded.
You barely miss the death knight.
The death knight is moderately wounded.
You closely miss the death knight.
The death knight is moderately wounded.
The death knight hits you with a +1 battleaxe of electrocution!
You puncture the death knight!
The death knight is heavily wounded.
You hit the death knight.
The death knight is heavily wounded.
You puncture the death knight!
The death knight is severely wounded.
You block the death knight's attack.
You closely miss the death knight.
The death knight is severely wounded.
You hit the death knight but do no damage.
The death knight is severely wounded.
You hit the death knight.
The death knight is severely wounded.
The death knight hits you with a +1 battleaxe of electrocution!!
* * * LOW HITPOINT WARNING * * *
You are electrocuted!!
* * * LOW HITPOINT WARNING * * *
You hit the death knight.
The death knight is severely wounded.
You hit the death knight.
The death knight is severely wounded.
You barely miss the death knight.
The death knight is severely wounded.
The death knight hits you with a +1 battleaxe of electrocution!
You die...

##++#### ≈≈..≈≈≈# ......≈# ..
≈..≈≈p.≈# #.# . # +..≈$.@..+
#.# #.## +..≈($≈..+ ###.#
#... #≈..≈≈.)≈# ###...##....
#.# #≈......≈# #...#.......
##.##.#≈≈≈..≈≈≈###.##..######
#.... ####''####.(....#...#
#..## #....###....####>..#
##...####.#...#...####.....#
##..#......##..#.#.##.......#


You could see a death knight.

Vanquished Creatures
  Gastronok (D:8)
  A minotaur (Gauntlet)
  A deep elf death mage (Elf:1)
  A boulder beetle (Lair:6)
  13 hydras
  2 catoblepae
  A demonspawn (Orc:2)
  3 two-headed ogres
  6 orc high priests (Orc:2)
  Nergalle (Lair:4)
  Sonja (D:10)
  Pikel (D:6)
  4 orc knights (Orc:2)
  3 deep elf pyromancers
  A shining eye (Gauntlet)
  2 deep elf zephyrmancers (Orc:2)
  2 ugly things (D:12)
  5 orc sorcerers (Orc:2)
  A cyclops (D:7)
  A manticore (D:12)
  2 centaur zombies (D:10)
  2 large abominations (Gauntlet)
  11 elephants
  9 black mambas
  2 torpor snails (Lair:5)
  Maurice (D:10)
  A rust devil (Orc:2)
  22 cane toads
  Psyche (D:10)
  An orange demon (Orc:2)
  2 unseen horrors
  3 rime drakes
  14 komodo dragons
  A kobold demonologist (D:8)
  A red devil (Orc:2)
  An efreet (Gauntlet)
  A hellwing (Orc:2)
  2 ice devils (Lair:5)
  3 meliai (D:13)
  2 trolls
  3 polar bears
  3 tyrant leeches (Lair:6)
  Grinder (D:6)
  4 slime creatures (D:11)
  22 blink frogs
  A vampire (D:12)
  5 wyverns
  2 shadows (D:12)
  41 yaks
  Sigmund (D:2)
  Eustachio (D:6)
  6 basilisks
  3 hogs (D:12)
  A human (D:12)
  A golden eye (Gauntlet)
  2 steam dragons
  A ynoxinul (Orc:2)
  3 fire elementals (Gauntlet)
  5 vampire mosquitoes
  A chaos spawn (Orc:2)
  An acid dragon (D:10)
  25 water moccasins
  A floating eye (Gauntlet)
  28 orc warriors
  3 black bears
  3 hell hounds (Gauntlet)
  6 ogres
  A necrophage (D:8)
  12 wolves
  A centaur (D:10)
  2 lemures (D:6)
  A phantom (D:6)
  12 kobold brigands
  22 bullfrogs
  A scorpion (D:6)
  2 gnoll sergeants (D:11)
  4 small abominations (Gauntlet)
  6 killer bees (D:9)
  11 wights
  2 electric eels (Lair:6)
  A howler monkey (D:12)
  3 hounds
  A jelly (D:7)
  24 orc priests
  3 gnoll shamans
  Crazy Yiuf (D:2)
  A bullfrog skeleton (D:4)
  A centaur skeleton (D:4)
  5 iguanas
  16 orc wizards
  A killer bee zombie (D:8)
  A hound skeleton (D:4)
  15 gnolls
  7 adders
  A river rat (D:4)
  A shadow imp (D:6)
  2 white imps
  2 ufetubi
  An adder skeleton (D:4)
  4 worms
  3 dart slugs
  59 orcs
  5 bats
  4 endoplasms
  2 giant cockroaches
  13 goblins
  6 hobgoblins
  7 jackals
  13 kobolds
  5 quokkas
  9 ball pythons
  3 frilled lizards
  A quokka skeleton (D:4)
  2 rats
607 creatures vanquished.

Vanquished Creatures (collateral kills)
  A lindwurm (Lair:5)
  A black mamba (Lair:5)
  An orc priest (Orc:2)
3 creatures vanquished.

Vanquished Creatures (others)
  A human (D:13)
  14 demonic plants (Gauntlet)
  32 fungi
  93 plants
140 creatures vanquished.

Grand Total: 750 creatures vanquished

Notes
Turn   | Place    | Note
-------+----------+-------------------------------------------
     0 | D:1      | crimpus the Kobold Berserker began the quest for the Orb.
     0 | D:1      | Reached XP level 1. HP: 14/14 MP: 1/1
   549 | D:1      | Reached XP level 2. HP: 19/19 MP: 2/2
  1089 | D:1      | Reached XP level 3. HP: 24/24 MP: 3/3
  1351 | D:1      | Reached skill level 1 in Stealth
  1922 | D:2      | Found a faded altar of an unknown god.
  2003 | D:2      | Reached XP level 4. HP: 27/29 MP: 4/4
  2163 | D:2      | Reached skill level 2 in Stealth
  2291 | D:2      | Noticed Sigmund
  2300 | D:2      | Killed Sigmund
  2301 | D:2      | Reached skill level 3 in Stealth
  2301 | D:2      | Reached XP level 5. HP: 34/34 MP: 5/5
  2301 | D:2      | Reached XP level 6. HP: 39/39 MP: 6/6
  2571 | D:2      | You fall into a shaft and drop 1 floor!
  2635 | D:3      | Reached skill level 4 in Stealth
  2858 | D:3      | Found a shadowy altar of Dithmenos.
  3105 | D:2      | Found a runed translucent door.
  3108 | D:2      | Noticed Crazy Yiuf
  3113 | D:2      | Killed Crazy Yiuf
  3566 | D:3      | Found a snail-covered altar of Cheibriados.
  3688 | D:3      | Found a faded altar of an unknown god.
  3689 | D:3      | Found a blossoming altar of Fedhas.
  4173 | D:4      | Reached XP level 7. HP: 39/44 MP: 7/7
  4227 | D:4      | Reached skill level 5 in Stealth
  4348 | D:4      | Found a staircase to the Ecumenical Temple.
  4353 | D:4      | Reached ** piety under Trog
  4674 | D:4      | Found a sparkling altar of Nemelex Xobeh.
  4737 | D:4      | Found a radiant altar of Vehumet.
  5318 | D:5      | Entered Level 5 of the Dungeon
  5765 | D:5      | Reached skill level 5 in Fighting
  5765 | D:5      | Reached skill level 6 in Stealth
  6144 | D:6      | Reached XP level 8. HP: 49/49 MP: 8/8
  6588 | D:6      | Reached skill level 7 in Stealth
  7120 | D:6      | Reached skill level 8 in Stealth
  7666 | D:6      | Noticed Pikel
  7702 | D:6      | Noticed Grinder
  7705 | D:6      | Paralysed by Grinder for 4 turns
  7722 | D:6      | Killed Grinder
  7723 | D:6      | Reached XP level 9. HP: 45/55 MP: 9/9
  8112 | D:6      | Killed Pikel
  8113 | D:6      | Reached skill level 10 in Short Blades
  8113 | D:6      | Reached skill level 5 in Dodging
  8113 | D:6      | Reached skill level 9 in Stealth
  8122 | D:6      | Noticed Eustachio
  8163 | D:6      | Killed Eustachio
  8667 | D:6      | Reached skill level 1 in Throwing
  9281 | D:7      | Reached skill level 10 in Stealth
  9595 | D:7      | Reached XP level 10. HP: 48/61 MP: 10/10
  9867 | D:7      | Noticed a cyclops
  9871 | D:7      | Killed a cyclops
  9982 | D:7      | Found a stormy altar of Qazlal.
 10037 | D:8      | Reached *** piety under Trog
 10038 | D:8      | Reached skill level 11 in Stealth
 10422 | D:8      | Noticed Gastronok
 10448 | D:8      | Killed Gastronok
 10996 | D:8      | Found a glowing golden altar of the Shining One.
 11003 | D:8      | Found a shimmering blue altar of Sif Muna.
 11264 | D:8      | Found an ornate altar of the Wu Jian Council.
 11289 | D:8      | Noticed a kobold demonologist
 11325 | D:8      | Reached skill level 12 in Stealth
 11360 | D:8      | Noticed an orange demon
 11366 | D:8      | Killed a kobold demonologist
 11371 | D:8      | Reached XP level 11. HP: 68/68 MP: 11/11
 11535 | D:8      | Found a broken altar of Ashenzari.
 11752 | D:8      | Found an opulent altar of Gozag.
 12730 | D:9      | Found a hide-covered altar of Uskayaw.
 12996 | D:10     | Entered Level 10 of the Dungeon
 12999 | D:10     | Reached skill level 13 in Stealth
 13021 | D:10     | Found Cukuruw's Antique Armour Shop.
 13040 | D:10     | Noticed a two-headed ogre
 13049 | D:10     | Killed a two-headed ogre
 13361 | D:10     | Noticed Sonja
 13364 | D:10     | Killed Sonja
 13401 | D:10     | Identified the +1 robe of Blue Skies {Harm Regen+ Str-2
                  | Int-5}
 13522 | D:10     | Noticed a two-headed ogre
 13534 | D:10     | Killed a two-headed ogre
 13535 | D:10     | Reached skill level 14 in Stealth
 13801 | D:10     | Found Evakk's Jewellery Boutique.
 13808 | D:10     | Bought an amulet of reflection for 330 gold pieces
 13830 | D:10     | Noticed Maurice
 13834 | D:10     | Killed Maurice
 13840 | D:10     | Found Pupnyniwn's Armour Emporium.
 13862 | D:10     | Noticed Psyche
 13868 | D:10     | Reached **** piety under Trog
 13870 | D:10     | Killed Psyche
 13894 | D:10     | Found an ancient bone altar of Kikubaaqudgha.
 13962 | D:10     | Identified the +5 scale mail of Absence {Regen+}
 14097 | D:10     | Found Badir's Jewellery Shoppe.
 14167 | D:10     | Found a runed translucent door.
 14170 | D:10     | Noticed a manticore
 14369 | D:11     | Found Lekoxihye's Armour Shoppe.
 14374 | D:11     | Bought a +1 pair of gloves of stealth for 181 gold pieces
 14422 | D:11     | Found a portal to a secret trove of treasure.
 14439 | D:11     | Found a transporter.
 14443 | D:11     | Found a transporter.
 14443 | D:11     | Noticed Woods's ghost (journeyman GnIE)
 14564 | D:11     | Noticed a death knight
 14674 | D:11     | Noticed a two-headed ogre
 14680 | D:11     | Killed a two-headed ogre
 14681 | D:11     | Reached skill level 10 in Dodging
 14681 | D:11     | Reached XP level 12. HP: 76/76 MP: 12/12
 14693 | D:11     | Reached skill level 15 in Stealth
 14778 | D:11     | Found a gate leading to a gauntlet.
 14784 | Gauntlet | Entered a Gauntlet
 14808 | Gauntlet | Found a transporter.
 14857 | Gauntlet | Found a transporter.
 14868 | Gauntlet | Found the ring of the Hare {EV+8}
 14870 | Gauntlet | Found a transporter.
 14875 | Gauntlet | Noticed a green death
 14885 | Gauntlet | Found a transporter.
 14885 | Gauntlet | Found a transporter.
 14906 | Gauntlet | Found a transporter.
 14906 | Gauntlet | Found a transporter.
 14986 | Gauntlet | Found a transporter.
 15053 | Gauntlet | Found a runed translucent door.
 15417 | Gauntlet | Found a transporter.
 15578 | Gauntlet | Found a transporter.
 15608 | Gauntlet | Gained mutation: You are frail. (-10% HP) [a shining eye]
 15615 | Gauntlet | Gained mutation: You are very frail. (-20% HP) [a shining
                  | eye]
 15618 | Gauntlet | Gained mutation: You tend to lose your temper in combat. [a
                  | shining eye]
 15626 | Gauntlet | Gained mutation: You are weak. (Str -2) [a shining eye]
 15629 | Gauntlet | Found a transporter.
 15630 | Gauntlet | Gained mutation: You are very weak. (Str -4) [a shining
                  | eye]
 15636 | Gauntlet | Gained mutation: Your body sometimes deteriorates upon
                  | taking damage. [a shining eye]
 15648 | Gauntlet | Found a transporter.
 15654 | Gauntlet | Gained mutation: Your body often deteriorates upon taking
                  | damage. [a shining eye]
 15658 | Gauntlet | Paralysed by a floating eye for 4 turns
 15661 | Gauntlet | Gained mutation: You are dopey. (Int -2) [a shining eye]
 15668 | Gauntlet | Reached skill level 1 in Shields
 15819 | Gauntlet | Lost mutation: Your body often deteriorates upon taking
                  | damage. [potion of mutation]
 15819 | Gauntlet | Lost mutation: You are very weak. (Str -4) [potion of
                  | mutation]
 15819 | Gauntlet | Lost mutation: You are dopey. (Int -2) [potion of mutation]
 15819 | Gauntlet | Gained mutation: You are partially covered in iridescent
                  | scales. (AC +2) [potion of mutation]
 16020 | Gauntlet | Noticed a minotaur
 16055 | Gauntlet | Killed a minotaur
 16085 | Gauntlet | Identified the +5 cloak of the Learner {Str+4}
 16169 | D:11     | Found a staircase to the Orcish Mines.
 16324 | D:11     | Found a staircase to the Lair.
 16732 | Lair:1   | Entered Level 1 of the Lair of Beasts
 16767 | Lair:1   | Reached skill level 10 in Fighting
 16900 | Lair:1   | Lost mutation: You are very frail. (-20% HP) [potion of
                  | mutation]
 16900 | Lair:1   | Lost mutation: You tend to lose your temper in combat.
                  | [potion of mutation]
 16900 | Lair:1   | Gained mutation: Your mind is acute. (Int +2) [potion of
                  | mutation]
 16952 | Lair:1   | Identified the +5 scale mail of the Tortured Sunfish {Fly
                  | Str+7 Stlth+}
 17022 | Lair:1   | Noticed a six-headed hydra
 17026 | Lair:1   | Killed a six-headed hydra
 17027 | Lair:1   | Reached skill level 16 in Stealth
 17101 | Lair:1   | Noticed a six-headed hydra
 17105 | Lair:1   | Killed a six-headed hydra
 17106 | Lair:1   | Reached XP level 13. HP: 73/73 MP: 13/13
 17253 | Lair:1   | Noticed a seven-headed hydra
 17266 | Lair:1   | Killed a seven-headed hydra
 18358 | Lair:2   | Reached skill level 17 in Stealth
 18550 | Lair:2   | Noticed a four-headed hydra
 18686 | Lair:2   | Found a staircase to the Snake Pit.
 18963 | Lair:2   | Killed a four-headed hydra
 19687 | Lair:3   | Noticed an eight-headed hydra
 19691 | Lair:3   | Killed an eight-headed hydra
 19712 | Lair:3   | Found a runed translucent gate.
 19713 | Lair:3   | Found a runed translucent gate.
 19714 | Lair:3   | Found a runed translucent gate.
 19724 | Lair:3   | Noticed a four-headed hydra
 19728 | Lair:3   | Killed a four-headed hydra
 20071 | Lair:3   | Noticed a five-headed hydra
 20087 | Lair:3   | Killed a five-headed hydra
 20181 | Lair:3   | Found a staircase to the Shoals.
 20628 | Lair:3   | Noticed Jenx's ghost (journeyman MiBe)
 20642 | Lair:3   | Noticed a minotaur
 20758 | Lair:4   | Reached skill level 18 in Stealth
 20768 | Lair:4   | Reached skill level 5 in Armour
 21124 | Lair:4   | Noticed Nergalle
 21143 | Lair:4   | Killed Nergalle
 21144 | Lair:4   | Reached XP level 14. HP: 79/79 MP: 14/14
 21360 | Lair:4   | Reached skill level 15 in Short Blades
 21915 | Lair:4   | Reached ***** piety under Trog
 22137 | Lair:5   | Found a viscous altar of Jiyva.
 22138 | Lair:5   | Found a staircase to the Slime Pits.
 22174 | Lair:5   | Reached skill level 19 in Stealth
 23812 | Lair:6   | Entered Level 6 of the Lair of Beasts
 24963 | Lair:6   | Received a gift from Trog
 25304 | Lair:5   | Reached XP level 15. HP: 25/86 MP: 15/15
 27772 | Orc:1    | Entered Level 1 of the Orcish Mines
 27867 | Orc:2    | Entered Level 2 of the Orcish Mines
 28615 | Orc:2    | Found Jose's Magic Scroll Shoppe.
 28657 | Orc:2    | Reached skill level 20 in Stealth
 28910 | Orc:2    | Found Ruoqob's Distillery.
 30205 | Orc:2    | Found a staircase to the Elven Halls.
 30913 | Orc:2    | Reached skill level 5 in Shields
 31094 | Orc:2    | Paralysed by an orc sorcerer for 3 turns
 31512 | Orc:2    | Found Ugab's Jewellery Shop.
 31512 | Orc:2    | Found Ulominen's Antique Weapon Boutique.
 31527 | Orc:2    | Found a one-way gate leading to the halls of Pandemonium.
 31966 | Elf:1    | Entered Level 1 of the Elven Halls
 34258 | D:12     | Reached XP level 16. HP: 93/93 MP: 16/16
 36039 | D:13     | Slain by a death knight

Illustrated notes

Levels and vault maps discovered:
D:1:      matt_arrival_spirals, layout_loops_corners, minmay_misc_feat_encased
D:2:      layout_loops_ring, hellmonk_ecumenical_altar_dog_temple, uniq_sigmund,
          uniq_crazy_yiuf_cottage
D:3:      minmay_recursive_quarters, layout_loops_ring,
          mainiacjoe_overflow_chevrons, nicolae_overflow_ecumenical_swirl,
          mainiacjoe_overflow_catwalk
D:4:      layout_basic, mainiacjoe_overflow_catwalk_spiral,
          minmay_temple_entry_crystal_x, portal_sewer_entry_b
D:5:      layout_basic, enter_ossuary_4, minmay_misc_feat_room, chequers_jeans
D:6:      layout_cave_pods, minmay_misc_feat_five, uniq_grinder, uniq_pikel,
          uniq_eustachio
D:7:      layout_rooms, nicolae_qazlal_general_emergency, nrook_uturn
D:8:      layout_loops_ring, lemuel_crystal_altar,
          mainiacjoe_overflow_surrounded_room, nicolae_overflow_hidden_temple,
          mainiacjoe_overflow_divided_tiny, special_room [special_room_kobold],
          uniq_gastronok
D:9:      layout_cross, mainiacjoe_overflow_alcove_1
D:10:     layout_roguey, kiku_gazebo_garden_becter, serial_shops, shop, shop,
          kennysheep_mini, minmay_st_funbox, minmay_shop_enchanted_jewellery,
          st_stairs_14, uniq_psyche, uniq_maurice, uniq_sonja
D:11:     layout_rooms, erik_lair_dragon,
          kennysheep_orc_monster_closet_entryway, gammafunk_ghost_arena,
          gauntlet_entry_generic, serial_shops, shop, enter_trove_0
D:12:     layout_irregular_city, chequers_serial_rivers_room_b, grunt_livestock
D:13:     layout_rooms, ximxim_vaults_locker_room, kennysheep_generic_room_7
Lair:1:   layout_big_grid, grunt_megastairs_3
Lair:2:   layout_layer_cave, dummy_snake_entry, grunt_megastairs_1
Lair:3:   layout_gridlike, elwin_shoals_entry_rooms,
          maelrawn_ghost_gauntlet_escape, infiniplex_staircase_pool_2,
          lemuel_fruit_tree
Lair:4:   layout_cave_pods, uniq_nergalle
Lair:5:   layout_hall_layers, slime_altar_1, portal_ice_cave_demonic_guard,
          hangedman_lair_generics_rect, infiniplex_staircase_pool
Lair:6:   minmay_lair_end_frog_pond, layout_hall_layers, st_stairs_3
Orc:1:    layout_caves, uniq_urug
Orc:2:    pf_orc_diabolical, layout_diamond_mine, basic_altar
Elf:1:    eino_elf_arrival_the_gate, layout_rooms, minivault_28,
          nicolae_concentric_dashed_squares_wild, amcnicky_mini_pool_small,
          minmay_misc_feat_rows, bh_hangedman_babel_library

Skill      XL: |  1  2  3  4  5  6  7  8  9 10 11 12 13 14 15 |
---------------+----------------------------------------------+-----
Stealth        | 1 3 4 6 8 10 12 14 16 18 19 20 | 20.3
Fighting       | 4 5 6 7 9 10 12 13 | 13.2
Short Blades   | 6 7 9 11 12 13 14 15 16 | 16.9
Dodging        | 3 4 5 8 10 11 12 13 | 13.3
Throwing       | 1 |  1.3
Armour         | 3 5 6 7 |  7.8
Shields        | 1 3 5 |  5.6

Action                   |  1- 3 |  4- 6 |  7- 9 | 10-12 | 13-15 | 16-18 || total
-------------------------+-------+-------+-------+-------+-------+-------++-------
Melee: Short sword       |    91 |   114 |   187 |   282 |       |       ||   674
       Punch             |     1 |       |     4 |    16 |    26 |     1 ||    48
       Rapier            |       |       |    86 |   165 |  1498 |       ||  1749
       Dagger            |       |       |       |   348 |   182 |   178 ||   708
Throw: Throwing net      |       |       |     1 |       |       |       ||     1
Invok: Berserk           |     2 |     4 |    10 |    17 |    28 |     3 ||    64
       Trog's Hand       |       |       |       |     5 |     3 |     1 ||     9
       Brothers in Arms  |       |       |       |     1 |     1 |       ||     2
  Use: Scroll            |     4 |     2 |     2 |    10 |    12 |       ||    30
       Potion            |     2 |       |     3 |    10 |    11 |       ||    26
 Stab: Sleeping          |     9 |     9 |    24 |    36 |    67 |    11 ||   156
       Distracted        |     1 |       |     1 |     6 |    10 |       ||    18
       Confused          |       |       |       |       |     8 |       ||     8
       Petrifying        |       |       |       |       |     1 |       ||     1
       Paralysed         |       |       |       |       |     2 |       ||     2
Armor: Animal skin       |    12 |    20 |    45 |    43 |       |       ||   120
       Robe              |       |       |       |    18 |       |       ||    18
       Scale mail        |       |       |       |    42 |   264 |    29 ||   335
Dodge: Dodged            |    56 |    67 |   183 |   364 |  1275 |   144 ||  2089
Block: Other             |       |       |       |    39 |   290 |    28 ||   357
       Reflection        |       |       |       |     1 |     8 |       ||     9
